 Dungeon Crawl Stone Soup version 0.22-a0-271-gc000056 (webtiles) character file.

15554 Arum the Fighter (level 12, -2/110 HPs)
             Began as a Minotaur Gladiator on Mar 12, 2018.
             Was the Champion of Okawaru.
             Slain by a freezing wraith (18 damage)
             ... led by a death knight
             ... on level 11 of the Dungeon.
             The game lasted 00:36:20 (10737 turns).

Arum the Fighter (Minotaur Gladiator)              Turns: 10737, Time: 00:36:24

Health: -2/110     AC: 17    Str: 24    XL:     12   Next: 2%
Magic:  11/11      EV: 11    Int:  6    God:    Okawaru [******]
Gold:   721        SH:  0    Dex:  9    Spells: 11/11 levels left

rFire    + . .     SeeInvis .   m - +2 broad axe (venom)
rCold    . . .     Gourm    .   (no shield)
rNeg     . . .     Faith    .   N - +0 chain mail
rPois    +         Spirit   .   c - +0 hat
rElec    .         Reflect  .   (no cloak)
rCorr    .         Harm     .   E - +1 pair of gloves "Waukhuss" {rPois Str+2 Dex-4 Slay+3}
MR       +....                  K - +2 pair of boots
Stlth    ..........             G - amulet "Houtz" {Acrobat MR+ Stlth+}
HPRegen  0.28/turn              (no ring)
MPRegen  0.12/turn              (no ring)

@: no status effects
A: retaliatory headbutt, fangs 1, horns 2, fire resistance 1, evolution 1
a: Heroism, Finesse, Renounce Religion


You were on level 11 of the Dungeon.
You worshipped Okawaru.
Okawaru was exalted by your worship.
You were near starving.

You visited 1 branch of the dungeon, and saw 12 of its levels.
You also visited: Ossuary.

You collected 721 gold pieces.

Inventory:

Hand Weapons
 m - a +2 broad axe of venom (weapon)
 n - a +1 blowgun
 J - the +3 short sword "Wobemuim" {antimagic, Str+4}
   (You found it on level 5 of the Dungeon)

   It reduces the magical energy of the wielder, and disrupts the spells and
   magical abilities of those hit.
   Natural abilities and divine invocations are not affected.
   It affects your strength (+4).
 W - a +5 war axe
Missiles
 d - 4 throwing nets
 u - 10 javelins
 w - 12 needles of sleeping
 z - 33 poisoned needles
 B - 2 steel tomahawks
 C - 3 needles of frenzy
 H - 4 tomahawks
 L - 12 tomahawks of returning (quivered)
 P - 6 javelins of penetration
 T - 5 javelins of returning
 X - 4 silver javelins
 Y - 6 poisoned javelins
Armour
 c - a +0 hat (worn)
 i - a +0 shield
 E - the +1 pair of gloves "Waukhuss" (worn) {rPois Str+2 Dex-4 Slay+3}
   (You found it on level 4 of the Dungeon)

   It affects your strength (+2).
   It affects your dexterity (-4).
   It affects your accuracy and damage with ranged weapons and melee attacks
   (+3).
   It protects you from poison.
 K - a +2 pair of boots (worn)
 N - a +0 chain mail (worn)
Jewellery
 k - a +3 amulet of reflection
 G - the amulet "Houtz" (around neck) {Acrobat MR+ Stlth+}
   (You found it on level 6 of the Dungeon)

   [amulet of the acrobat]

   It helps you evade while moving and waiting.
   It affects your resistance to hostile enchantments.
   It makes you more stealthy.
Wands
 b - a wand of paralysis (16)
 e - a wand of flame (26)
 s - a wand of acid (2)
 v - a wand of digging (11)
 O - a wand of iceblast (4)
Scrolls
 a - a scroll of identify
 l - 10 scrolls of teleportation
 p - 3 scrolls of fog
 r - 9 scrolls of remove curse
 y - a scroll of blinking
 I - 2 scrolls of enchant armour
 Q - 2 scrolls of magic mapping
 R - a scroll of summoning
 U - 4 scrolls of enchant weapon
 Z - 2 scrolls of fear
Potions
 g - 4 potions of might
 h - a potion of berserk rage
 j - 2 potions of ambrosia
 o - 9 potions of curing
 q - 6 potions of brilliance
 t - 3 potions of haste
 x - 2 potions of magic
 A - 6 potions of flight
 D - 2 potions of agility
 F - 2 potions of mutation
 S - 4 potions of lignification
Comestibles
 f - 21 rations


   Skills:
 + Level 11.6 Fighting
 - Level 8.0 Short Blades
 + Level 10.4 Axes
 + Level 8.9 Throwing
 - Level 10.0 Armour
 + Level 6.8 Dodging
 + Level 1.8 Shields


You had 11 spell levels left.
You didn't know any spells.

Dungeon Overview and Level Annotations

Branches:
Dungeon (12/15)            Temple (0/1) D:5            Lair (0/6) D:10
    Orc (0/2) D:9

Altars:
Fedhas
Gozag
Makhleb
Nemelex Xobeh
Okawaru
Vehumet
The Shining One

Shops:
D:4 }   D:5 (   D:7 (   D:9 [

Portals:
Bazaar: D:12


Innate Abilities, Weirdness & Mutations

You reflexively headbutt those who attack you in melee.
You have a pair of horns on your head.
You have very sharp teeth.
Your flesh is heat resistant. (rF+)
You evolve.


Message History

You kill the big kobold!
Okawaru accepts your kill.
You closely miss the freezing wraith.
The freezing wraith is severely damaged.
The freezing wraith hits you. The freezing wraith freezes you!!
* * * LOW HITPOINT WARNING * * *
The freezing wraith hits you.
* * * LOW HITPOINT WARNING * * *
The freezing wraith drains your vigour!
You feel yourself slow down.
You feel better.
The freezing wraith hits you but does no damage. x3
The freezing wraith hits you.
* * * LOW HITPOINT WARNING * * *
Your magical effects are unravelling.
You feel magically purged.
You feel yourself speed up. The freezing wraith hits you.
* * * LOW HITPOINT WARNING * * *
The freezing wraith freezes you!!
You die...

..#≈#######≈###...)....'....###..
..#≈≈ ≈≈≈ #.########....##..#
..### #### #.# #....##.## ..#
#.## #....#..# ..# #..# #....#.##
### ##.# #....'.# # #.# #....###
# #.# ###'### #@# #...#
#########W### ######'###
########........u.(####.......(#
....##.............(..#........##
....##.#......(....##.#........'.
....#..#..........>##.'........#.
....'.##...........####........#.
....####...........# #?.......#.
....# #...........# #........##


You could see a red ugly thing and a freezing wraith.

Vanquished Creatures
  Harold (D:10)
  5 two-headed ogres
  2 unseen horrors
  Pikel (D:9)
  Joseph (D:7)
  The ghost of Arum the Magician, an amateur DrTm of Makhleb (D:4)
  Grinder (D:4)
  Sigmund (D:3)
  3 wraiths
  Grum (D:9)
  8 yaks
  2 wyverns
  2 hungry ghosts
  Eustachio (D:4)
  2 hell hounds (D:10)
  Duvessa (D:7)
  4 sky beasts
  2 slaves (D:9)
  3 orc warriors
  3 ice beasts
  3 black bears (D:10)
  6 ogres
  4 wolves (D:9)
  A phantom (D:6)
  8 centaurs
  2 big kobolds
  5 bullfrogs
  Dowan (D:7)
  A wyvern skeleton (D:8)
  2 scorpions
  5 killer bees (D:12)
  A troll zombie (Ossuary)
  8 wights
  4 howler monkeys
  6 crimson imps
  4 centaur zombies
  3 jellies
  5 quasits
  4 bullfrog zombies
  5 hounds
  7 orc priests
  3 centaur skeletons
  9 orc wizards
  A bullfrog skeleton (D:12)
  4 iguanas
  Ijyb (D:3)
  Natasha (thrice) (D:2)
  8 worker ants
  An ogre zombie (Ossuary)
  A big kobold zombie (Ossuary)
  A hound skeleton (D:5)
  8 mummies
  A howler monkey zombie (D:5)
  6 gnolls
  8 adders
  6 shadow imps
  An adder skeleton (D:4)
  2 adder zombies
  A worm (D:4)
  2 dart slugs
  8 leopard geckos
  43 orcs
  2 ball pythons
  2 bats
  2 giant cockroaches (D:2)
  A gnoll zombie (Ossuary)
  9 goblins
  8 hobgoblins
  5 jackals
  8 kobolds
  6 quokkas
  5 frilled lizards
  11 goblin zombies
  4 hobgoblin zombies
  7 kobold zombies
  A leopard gecko zombie (D:8)
  2 orc skeletons (D:6)
  2 orc zombies
  2 quokka zombies (Ossuary)
  2 rats (D:1)
  4 rat zombies (Ossuary)
331 creatures vanquished.

Notes
Turn   | Place    | Note
-------+----------+-------------------------------------------
     0 | D:1      | Arum the Minotaur Gladiator began the quest for the Orb.
     0 | D:1      | Reached XP level 1. HP: 18/18 MP: 0/0
   262 | D:1      | Reached XP level 2. HP: 25/25 MP: 1/1
   493 | D:1      | You fall through a shaft!
   493 | D:2      | Noticed Natasha
   501 | D:2      | Killed Natasha
   501 | D:2      | Reached skill level 3 in Fighting
   501 | D:2      | Reached skill level 1 in Armour
   501 | D:2      | Reached XP level 3. HP: 8/31 MP: 2/2
   753 | D:2      | Noticed Natasha
   760 | D:2      | Killed Natasha
   761 | D:2      | Reached XP level 4. HP: 17/38 MP: 3/3
   947 | D:2      | Noticed Natasha
   958 | D:2      | Killed Natasha
  1018 | D:2      | Found a faded altar of an unknown god.
  1217 | D:3      | Reached skill level 4 in Fighting
  1218 | D:3      | Reached skill level 5 in Axes
  1221 | D:3      | Reached XP level 5. HP: 33/46 MP: 4/4
  1541 | D:3      | Found a radiant altar of Vehumet.
  1564 | D:3      | Found an iron altar of Okawaru.
  1623 | D:3      | Became a worshipper of Warmaster Okawaru
  1741 | D:3      | Noticed Sigmund
  1766 | D:3      | Killed Sigmund
  1766 | D:3      | Reached skill level 5 in Fighting
  1766 | D:3      | Reached XP level 6. HP: 56/56 MP: 5/5
  1797 | D:3      | Noticed Ijyb
  1797 | D:3      | Paralysed by Ijyb for 6 turns
  1808 | D:3      | Killed Ijyb
  2372 | D:4      | Noticed Grinder
  2395 | D:4      | Killed Grinder
  2395 | D:4      | Reached XP level 7. HP: 52/62 MP: 6/6
  2601 | D:4      | Found Welep's Gadget Boutique.
  2758 | D:4      | Reached * piety under Okawaru
  2763 | D:4      | Got a pair of translucent gloves
  2769 | D:4      | Identified the +1 pair of gloves "Waukhuss" {rPois Str+2 Dex-4 Slay+3} (You found it on level 4 of the Dungeon)
  2810 | D:4      | Noticed Arum's ghost (amateur DrTm)
  2810 | D:4      | Reached skill level 6 in Fighting
  2829 | D:4      | Killed Arum's ghost
  2988 | D:4      | Noticed Eustachio
  2997 | D:4      | Killed Eustachio
  3217 | D:4      | Reached XP level 8. HP: 70/71 MP: 7/7
  3697 | D:5      | Entered Level 5 of the Dungeon
  3746 | D:5      | Found a blossoming altar of Fedhas.
  3794 | D:5      | Reached skill level 7 in Fighting
  3997 | D:5      | Found Zaboergha's Weapon Shop.
  4233 | D:5      | Reached ** piety under Okawaru
  4253 | D:5      | Found a staircase to the Ecumenical Temple.
  4256 | D:5      | Got a jewelled short sword
  4278 | D:5      | Identified the cursed +3 short sword "Wobemuim" {antimagic, Str+4} (You found it on level 5 of the Dungeon)
  4511 | D:6      | Got a vibrating graven amulet
  4554 | D:6      | Reached skill level 1 in Short Blades
  4554 | D:6      | Reached skill level 5 in Armour
  4691 | D:6      | Reached skill level 8 in Fighting
  4714 | D:6      | Reached skill level 5 in Throwing
  4771 | D:6      | Reached XP level 9. HP: 64/81 MP: 8/8
  4821 | D:6      | Noticed a two-headed ogre
  4836 | D:6      | Killed a two-headed ogre
  4836 | D:6      | Reached *** piety under Okawaru
  4871 | D:6      | Reached skill level 5 in Short Blades
  5113 | D:6      | Found a glowing golden altar of the Shining One.
  5146 | D:6      | Identified the amulet "Houtz" {Acrobat MR+ Stlth+} (You found it on level 6 of the Dungeon)
  5368 | D:6      | Reached **** piety under Okawaru
  5369 | D:6      | Found a burning altar of Makhleb.
  5376 | D:6      | Noticed an Executioner
  5381 | D:6      | Noticed a hellwing
  5412 | D:6      | Found an opulent altar of Gozag.
  5518 | D:7      | Noticed Joseph
  5540 | D:7      | Killed Joseph
  5540 | D:7      | Reached skill level 9 in Fighting
  5775 | D:7      | Found Posuif's Weapon Emporium.
  5789 | D:7      | Received a gift from Okawaru
  5912 | D:7      | Noticed Duvessa
  5919 | D:7      | Noticed Dowan
  5925 | D:7      | Killed Duvessa
  5925 | D:7      | Reached XP level 10. HP: 90/91 MP: 9/9
  5928 | D:7      | Killed Dowan
  6442 | D:8      | Noticed a two-headed ogre
  6463 | D:8      | Killed a two-headed ogre
  6463 | D:8      | Received a gift from Okawaru
  6495 | D:8      | Found a sand-covered staircase.
  6501 | Ossuary  | Entered an ossuary
  6698 | Ossuary  | Received a gift from Okawaru
  7485 | D:9      | Found a staircase to the Orcish Mines.
  7495 | D:9      | Reached skill level 10 in Fighting
  7538 | D:9      | Killed an unseen horror
  7538 | D:9      | Reached ***** piety under Okawaru
  7718 | D:9      | Noticed a two-headed ogre
  7738 | D:9      | Killed a two-headed ogre
  7738 | D:9      | Received a gift from Okawaru
  8026 | D:9      | Reached XP level 11. HP: 77/101 MP: 3/10
  8080 | D:9      | Gained mutation: You are robust. (+10% HP) [potion of mutation]
  8080 | D:9      | Gained mutation: You evolve. [potion of mutation]
  8080 | D:9      | Lost mutation: You are robust. (+10% HP) [potion of mutation]
  8080 | D:9      | Gained mutation: Your flesh is heat resistant. (rF+) [potion of mutation]
  8363 | D:9      | Noticed Grum
  8369 | D:9      | Noticed Pikel
  8372 | D:9      | Killed Grum
  8408 | D:9      | Killed Pikel
  8425 | D:9      | Received a gift from Okawaru
  8425 | D:9      | Reached skill level 5 in Dodging
  8459 | D:9      | Found a sparkling altar of Nemelex Xobeh.
  8743 | D:9      | Found Rud Nog's Armour Shop.
  9027 | D:10     | Entered Level 10 of the Dungeon
  9232 | D:10     | Received a gift from Okawaru
  9547 | D:10     | Received a gift from Okawaru
  9637 | D:10     | Reached skill level 11 in Fighting
  9696 | D:10     | Noticed Harold
  9706 | D:10     | Killed Harold
  9729 | D:10     | Found a staircase to the Lair.
  9989 | D:11     | Received a gift from Okawaru
 10033 | D:11     | Noticed a two-headed ogre
 10044 | D:11     | Killed a two-headed ogre
 10044 | D:11     | Reached skill level 10 in Axes
 10104 | D:11     | Noticed a two-headed ogre
 10124 | D:11     | Killed a two-headed ogre
 10124 | D:11     | Reached ****** piety under Okawaru
 10124 | D:11     | Received a gift from Okawaru
 10302 | D:11     | Reached skill level 10 in Armour
 10499 | D:11     | Gained mutation: You have very sharp teeth. [evolution]
 10505 | D:11     | Killed an unseen horror
 10505 | D:11     | Reached skill level 1 in Shields
 10693 | D:12     | Reached XP level 12. HP: 79/110 MP: 11/11
 10697 | D:12     | Found a flickering gateway to a bazaar.
 10705 | D:12     | Noticed a death knight
 10721 | D:12     | Received a gift from Okawaru
 10737 | D:11     | Slain by a freezing wraith

Vault maps used:
D:1:      dpeg_arrival_line_fractal
D:2:      chequers_ecumenical_altar_twisty, uniq_natasha
D:3:      chequers_temple_overflow_statue_of_worship, minmay_hedge_maze,
          uniq_ijyb, uniq_sigmund
D:4:      serial_shops, shop_fountains, uniq_eustachio, uniq_grinder
D:5:      lemuel_crystal_altar, temple_fountains, first_ration, serial_shops,
          nicolae_shop_behind_doors
D:6:      kennysheep_mini, nicolae_tso_besieged_by_evil,
          makhleb_altar_promises_db
D:7:      serial_shops, shop, uniq_duvessa, uniq_joseph
D:8:      nicolae_ossuary_entry_giza
D:9:      kennysheep_little_box, orc_0_dummy, serial_shops, shop,
          blue_anna_alchemist, grunt_ministairs_11, uniq_grum, uniq_pikel
D:10:     minmay_lair_entry_lava, uniq_harold
D:11:     minmay_orc_keep
D:12:     serial_shops, bzr_entry_islet, kb_lookout_dungeons_type
Ossuary:  ossuary_boxes_badplayer

Skill      XL: |  1  2  3  4  5  6  7  8  9 10 11 |
---------------+----------------------------------+-----
Axes           | 4 5 6 7 8 9 10 | 10.4
Fighting       | 3 4 5 6 8 9 10 11 | 11.6
Armour         | 1 2 3 4 5 7 8 10 | 10.0
Throwing       | 3 4 5 6 7 8 |  8.9
Short Blades   | 3 6 8 |  8.0
Dodging        | 4 6 |  6.8
Shields        | 1 |  1.8

Action                   |  1- 3 |  4- 6 |  7- 9 | 10-12 || total
-------------------------+-------+-------+-------+-------++-------
Melee: War axe           |    41 |    17 |       |   117 ||   175
       Headbutt          |     8 |    15 |    41 |    93 ||   157
       Hand axe          |       |    55 |   266 |   162 ||   483
       Punch             |       |       |     1 |     1 ||     2
       Short sword       |       |       |       |   112 ||   112
       Broad axe         |       |       |       |    87 ||    87
       Bite              |       |       |       |     4 ||     4
 Fire: Blowgun           |       |       |       |     9 ||     9
Throw: Tomahawk          |       |       |       |     7 ||     7
       Javelin           |       |       |       |     2 ||     2
Invok: Heroism           |       |       |     2 |     1 ||     3
  Use: Scroll            |       |     1 |     3 |    24 ||    28
       Potion            |       |     1 |       |     5 ||     6
  Eat: Chunk             |       |     4 |    12 |    17 ||    33
Armor: Leather armour    |     7 |     3 |       |       ||    10
       Ring mail         |       |    14 |    47 |       ||    61
       Scale mail        |       |       |    94 |    76 ||   170
       Chain mail        |       |       |       |   112 ||   112
Dodge: Dodged            |    35 |    32 |   141 |   295 ||   503
Block: Other             |       |     3 |    18 |       ||    21
       Reflection        |       |       |     1 |       ||     1

Table legend:
 A = Spawn XP
 B = Non-spawn XP
 C = Spawn XP percentage of total XP
 D = Spawn monster count
 E = Non-spawn monster count
 F = Spawn count percentage of total count
 G = Total turns spent on level
                    A         B        C        D         E        F      G
               +---------+---------+-------+---------+---------+-------+---------
         Total |       0 |   22221 |   0.0 |       0 |     329 |   0.0 | 10737
               +---------+---------+-------+---------+---------+-------+---------
           D:1 |       0 |      28 |   0.0 |       0 |      19 |   0.0 |   700
           D:2 |       0 |     116 |   0.0 |       0 |       9 |   0.0 |   782
           D:3 |       0 |     428 |   0.0 |       0 |      28 |   0.0 |   886
           D:4 |       0 |     920 |   0.0 |       0 |      19 |   0.0 |  1329
           D:5 |       0 |     582 |   0.0 |       0 |      22 |   0.0 |   800
           D:6 |       0 |    2202 |   0.0 |       0 |      32 |   0.0 |   968
           D:7 |       0 |    1664 |   0.0 |       0 |      26 |   0.0 |   891
           D:8 |       0 |    1930 |   0.0 |       0 |      21 |   0.0 |   630
           D:9 |       0 |    4887 |   0.0 |       0 |      42 |   0.0 |  1542
          D:10 |       0 |    4201 |   0.0 |       0 |      32 |   0.0 |   922
          D:11 |       0 |    4129 |   0.0 |       0 |      33 |   0.0 |   744
          D:12 |       0 |     724 |   0.0 |       0 |       9 |   0.0 |    44
       Ossuary |       0 |     410 |   0.0 |       0 |      37 |   0.0 |   499
               +---------+---------+-------+---------+---------+-------+---------
